 Dungeon Crawl Stone Soup version 0.25.1-2-g60ff931df9 (webtiles) character file.

Game seed: 7972945620310116795

60 DearestLeader the Digger (level 4, -1/24 HPs)
             Began as a Gargoyle Earth Elementalist on Nov 10, 2020.
             Killed by divine providence
             ... invoked by an orc priest
              (15 damage)
             ... on level 3 of the Dungeon.
             The game lasted 00:03:32 (2578 turns).

DearestLeader the Digger (GrEE)                     Turns: 2578, Time: 00:03:33

Health: -1/24      AC:  5    Str: 11    XL:     4   Next: 6%
Magic:  6/7        EV: 12    Int: 17    God:
Gold:   142        SH:  0    Dex: 10    Spells: 6/7 levels left

rFire    . . .     SeeInvis .   j - +1 dagger (drain)
rCold    . . .     Gourm    .   (no shield)
rNeg     + . .     Faith    .   c - +0 robe
rPois    ∞         Spirit   .   (no helmet)
rElec    +         Reflect  .   (no cloak)
rCorr    .         Harm     .   (no gloves)
MR       .....                  (no boots)
Stlth    +.........             (no amulet)
HPRegen  0.08/turn              (no ring)
MPRegen  0.10/turn              (no ring)

@: confused
A: negative energy resistance 1, electricity resistance, unbreathing,
petrification resistance, rot immunity, AC +3
a: no special abilities


You were on level 3 of the Dungeon.
You were not hungry.

You visited 1 branch of the dungeon, and saw 3 of its levels.

You collected 142 gold pieces.

Inventory:

Hand Weapons
 e - a +0 whip
 j - a +1 dagger of draining (weapon)
 o - a +0 dagger of freezing
Missiles
 b - 62 stones (quivered)
Armour
 c - a +0 robe (worn)
Wands
 s - a wand of random effects (11)
 t - a wand of flame (15)
Scrolls
 h - 2 scrolls of teleportation {unknown}
 i - 5 scrolls of remove curse {unknown}
 l - a scroll of fog {unknown}
 n - a scroll of noise {unknown}
 p - a scroll of enchant weapon {unknown}
 r - a scroll of fear {unknown}
 u - a scroll of identify {unknown}
Potions
 a - 3 potions of curing {unknown}
 f - 2 potions of lignification {unknown}
 g - a potion of ambrosia {unknown}
 k - a potion of flight {unknown}
 m - a potion of heal wounds {unknown}
 q - a potion of invisibility {unknown}
 v - a potion of mutation {unknown}
Comestibles
 d - 5 rations


   Skills:
 - Level 1.5 Dodging
 - Level 2.1 Stealth
 - Level 2.0 Spellcasting
   Level 0.7 Transmutations
 * Level 5.8 Earth Magic


You had 6 spell levels left.
You knew the following spells:

 Your Spells              Type           Power        Failure   Level  Hunger
a - Sandblast             Erth           ###...       1%          1    #......

Your spell library contained the following spells:

 Spells                   Type           Power        Failure   Level  Hunger
 Passwall                 Tmut/Erth      ##......     8%          2    ###....
 Stone Arrow              Conj/Erth      ##....       17%         3    ###....
 Lee's Rapid Deconstruct  Erth           ###.......   43%         5    ######.
 Petrify                  Tmut/Erth      ##......     45%         4    #####..


Dungeon Overview and Level Annotations

Branches:
Dungeon (3/15)

Altars:
Elyvilon


Innate Abilities, Weirdness & Mutations

You are resistant to torment.
Your stone body is resilient. (AC +3)
You are immune to poison.
You resist negative energy. (rN+)
You are resistant to electric shocks. (rElec)
You can survive without breathing.
You are immune to petrification.
You are immune to rotting.


Message History

Confirm with . or Enter, or press ? or * to list all spells.
Aiming: Sandblast (safe; 1% risk of failure)
Press: ? - help, Shift-Dir - straight line, f - orc
Aim: an orc, wielding a +0 falchion The blast of sand hits the orc!
You kill the orc!
b - 62 stones The orc wizard points at you and mumbles some strange words.
You are confused.
You're too confused to cast spells.
Sorry, you're not good enough to have a special ability.
Unknown command.
The orc wizard points at you and mumbles some strange words.
The puff of flame hits you.
You bump into the rock wall.
You bump into the rock wall.
The orc priest calls down the wrath of Beogh upon you.
Beogh smites you!
Ouch! That really hurt!
You die...

#.##.#.###
#...###..#
####.#.#.#
#.##.###
#.##...# #
####.# #.#
#.# #@# #
#.# o. #o#
#.#.# #.#
#.....####o#
#...oo....#
......######
#####


You could see an orc priest and an orc wizard.

Vanquished Creatures
  An ooze (D:1)
  2 dart slugs (D:1)
  3 leopard geckos
  2 orcs (D:3)
  5 bats
  2 giant cockroaches (D:1)
  10 goblins
  4 hobgoblins
  8 kobolds
  3 frilled lizards
  4 rats
44 creatures vanquished.

Notes
Turn   | Place    | Note
-------+----------+-------------------------------------------
     0 | D:1      | DearestLeader the Gargoyle Earth Elementalist began the
                  | quest for the Orb.
     0 | D:1      | Reached XP level 1. HP: 10/10 MP: 3/3
    92 | D:1      | Reached skill level 4 in Earth Magic
   346 | D:1      | Reached XP level 2. HP: 15/15 MP: 5/5
   443 | D:1      | You fall into a shaft and drop 1 floor!
  1066 | D:1      | Reached skill level 5 in Earth Magic
  1066 | D:1      | Reached XP level 3. HP: 14/19 MP: 6/6
  2215 | D:2      | Found a white marble altar of Elyvilon.
  2570 | D:3      | Reached XP level 4. HP: 24/24 MP: 7/7
  2578 | D:3      | Killed from afar by an orc priest

Illustrated notes

Levels and vault maps discovered:
D:1:      wander_arrival_lonely_grave, layout_loops_corners
D:2:      layout_loops_corners, old_standard_altar, minmay_misc_feat_x,
          minmay_tiny_reverse_x
D:3:      layout_loops_ring, nicolae_overflow_crystal_walls, first_ration

Skill      XL: |  1  2 |
---------------+-------+-----
Earth Magic    | 4 5 |  5.8
Dodging        | |  1.5
Stealth        | |  2.1
Spellcasting   | |  2.0
Transmutations | |  0.7

Action                   |  1- 3 |  4- 6 || total
-------------------------+-------+-------++-------
Melee: Whip              |    61 |       ||    61
       Unarmed           |     4 |       ||     4
       Dagger            |    69 |     2 ||    71
 Cast: Sandblast         |     9 |     1 ||    10
 Stab: Sleeping          |     1 |       ||     1
  Eat: Chunk             |     5 |       ||     5
Armor: Robe              |    45 |       ||    45
Dodge: Dodged            |   101 |       ||   101
